 Dungeon Crawl Stone Soup version 0.21-a0-221-gfe971b9 (webtiles) character file.

8 Moloch the Skirmisher (level 2, 24/24 HPs)
             Began as a Demonspawn Fighter on Aug 26, 2017.
             Was an Initiate of Okawaru.
             Quit the game on level 1 of the Dungeon.
             The game lasted 00:00:23 (221 turns).

Moloch the Skirmisher (Demonspawn Fighter)           Turns: 221, Time: 00:00:24

Health: 24/24      AC:  6    Str: 16    XL:     2   Next: 0%
Magic:  2/2        EV:  6    Int:  9    God:    Okawaru [......]
Gold:   18         SH:  8    Dex: 12    Spells: 1/1 levels left

rFire    . . .     SeeInvis .   a - +0 war axe
rCold    + . .     Gourm    .   c - +0 shield
rNeg     . . .     Faith    .   b - +0 scale mail
rPois    .         Spirit   .   (no helmet)
rElec    .         Reflect  .   (no cloak)
rCorr    .         Harm     .   (no gloves)
MR       .....                  (no boots)
Stlth    ..........             (no amulet)
HPRegen  0.08/turn              (no ring)
MPRegen  0.08/turn              (no ring)

@: no status effects
A: cold resistance 1
a: Renounce Religion


You were on level 1 of the Dungeon.
You worshipped Okawaru.
Okawaru was noncommittal.
You were not hungry.

You visited 1 branch of the dungeon, and saw 1 of its levels.

You collected 18 gold pieces.

Inventory:

Hand Weapons
 a - a +0 war axe (weapon)
 i - a +1 hand axe of chopping
Armour
 b - a +0 scale mail (worn)
 c - a +0 shield (worn)
Scrolls
 e - 2 scrolls of immolation {unknown}
 j - a scroll of identify {unknown}
Potions
 d - a potion of might
 h - a potion of curing {unknown}
Comestibles
 f - a bread ration
 g - a royal jelly


   Skills:
 - Level 3.0 Fighting
 + Level 2.4 Axes
 - Level 2.6 Armour
 - Level 2.6 Shields


You had one spell level left.
You didn't know any spells.

Dungeon Overview and Level Annotations

Branches:
Dungeon (1/15)

Altars:
Okawaru


Innate Abilities, Weirdness & Mutations

Your flesh is cold resistant. (rC+)


Message History

A frilled lizard is nearby!
A frilled lizard is nearby!
Found a scroll labeled SENOOCKIDO.
The frilled lizard barely misses you.
You closely miss the frilled lizard. The frilled lizard barely misses you.
The frilled lizard completely misses you.
Your shield and scale mail prevent you from hitting the frilled lizard.
You block the frilled lizard's attack.
You closely miss the frilled lizard.
The frilled lizard bites you but does no damage. x2
You miss the frilled lizard. You block the frilled lizard's attack.
You closely miss the frilled lizard.
The frilled lizard bites you but does no damage.
You slash the frilled lizard!
You kill the frilled lizard!
Okawaru accepts your kill.
You have reached level 2!
Your demonic ancestry asserts itself...
You feel resistant to cold.
Are you sure you want to abandon this character and quit the game? (Confirm with "yes".)

###########.#
............# #.#
######.##### #?#
#...# #.# #...# #.#
#...# #.# ##.## #.#
#.# #.#
.#####.##### #@#
#..........# #.#
.#####.###.#####.##
##########........#
.........#.#####..#
...###...#.# #..#
.<.#รท#...'.# ##..#
...###...#.# #...#
.........#.# #..##


There were no monsters in sight!

Vanquished Creatures
  2 goblins (D:1)
  3 bats (D:1)
  3 frilled lizards (D:1)
  A kobold (D:1)
9 creatures vanquished.

Notes
Turn   | Place    | Note
-------+----------+-------------------------------------------
     0 | D:1      | Moloch the Demonspawn Fighter began the quest for the Orb.
     0 | D:1      | Reached XP level 1. HP: 18/18 MP: 1/1
   150 | D:1      | Found an iron altar of Okawaru.
   167 | D:1      | Became a worshipper of Warmaster Okawaru
   220 | D:1      | Gained mutation: Your flesh is cold resistant. (rC+) [demonic ancestry]
   220 | D:1      | Reached XP level 2. HP: 24/24 MP: 2/2
   221 | D:1      | Quit the game

Vault maps used:
D:1:      nicolae_arrival_memento_mori, grunt_decor_mini_mirrors,
          okawaru_ov_weapons_minmay

Skill      XL: |  1 |
---------------+----+-----
Axes           | 2 |  2.4
Fighting       | |  3.0
Armour         | |  2.6
Shields        | |  2.6

Action                   || total
-------------------------++-------
Melee: War axe           ||    33
Armor: Scale mail        ||    15
Dodge: Dodged            ||    19
Block: Shield            ||    14

Table legend:
 A = Spawn XP
 B = Non-spawn XP
 C = Spawn XP percentage of total XP
 D = Spawn monster count
 E = Non-spawn monster count
 F = Spawn count percentage of total count
 G = Total turns spent on level
                    A         B        C        D         E        F      G
               +---------+---------+-------+---------+---------+-------+---------
         Total |       0 |      12 |   0.0 |       0 |       9 |   0.0 |   221
               +---------+---------+-------+---------+---------+-------+---------
           D:1 |       0 |      12 |   0.0 |       0 |       9 |   0.0 |   221
               +---------+---------+-------+---------+---------+-------+---------
